Unix NetHack Version 5.0.0-0 post-release - last build May 10 2026 23:12:36 (d1fa5d53e341ca933230fdaa984d921c805b60aa,branch:main).

Game began 2026-05-14 14:12:58, ended 2026-05-14 21:32:01.

IanCurtis, chaotic male elven Wizard

                                        -------------
                                        |.......%.(.|
                                        +...........|    --------------
                                        |..........>.####.............|
                                        -.-----------    |............|
                                         #               |............|
                                         #               |............|
                                         #               |............|
                                         #q              --------------
                                          @#

IanCurtis the Thaumaturge  St:17 Dx:14 Co:15 In:17 Wi:11 Ch:13  Chaotic
Dlvl:5  $:70 HP:0(43) Pw:3(61) AC:8  Xp:6 T:3354 

Latest messages:
 You climb up the stairs.
 You hear the splashing of a naiad.
 You climb up the stairs.
 In what direction? h
 The spell hits the giant ant!
 In what direction? h
 The spell hits the giant ant!
 You kill the giant ant!
 You see here a chest.
 Hmmm, the chest turns out to be locked.
 Unlock it with your key? [ynq] (q) y
 You succeed in unlocking the chest.
 You feel wise!
 You must have been very observant.
 K - a spellbook of healing.
 You hear a door open.
 What do you want to read? [ijlmrxyDK or ?*] X
 You don't have that object.
 What do you want to read? [ijlmrxyDK or ?*] X
 You don't have that object.
 What do you want to read? [ijlmrxyDK or ?*] K
 You begin to memorize the runes.
 You add "healing" to your repertoire, as 'c'.
 You see here a giant ant corpse.
 You see here a clear potion.
 L - a clear potion.
 You hear a door open.
 You see here a scroll labeled XIXAXA XOXAXA XUXAXA.
 M - a scroll labeled XIXAXA XOXAXA XUXAXA.
 The rothe hits!
 The rothe bites!
 The rothe bites again!
 In what direction? k
 The spell misses the rothe.
 In what direction? k
 The spell misses the rothe.
 You hear a door open.
 The rothe hits!
 The rothe bites!
 The rothe bites again!
 You hit the rothe.
 The rothe hits!
 The rothe bites!
 The rothe bites again!
 You hit the rothe!
 The rothe hits!
 The rothe bites!
 The rothe bites again!
 You die...
 Do you want your possessions identified? [ynq] (y) q

Inventory:
 Coins    ('$')
  $ - 70 gold pieces
 Amulets  ('"')
  z - an uncursed amulet of flying
 Weapons  (')')
  a - a blessed +1 quarterstaff (weapon in hands)
 Armor    ('[')
  H - an uncursed +0 orcish helm (being worn)
  w - a blessed +0 cloak of invisibility
  b - an uncursed +0 cloak of magic resistance (being worn)
 Comestibles  ('%')
  h - 3 uncursed food rations
  I - an uncursed sprig of wolfsbane
  E - 2 uncursed tripe rations
 Scrolls  ('?')
  j - an uncursed scroll of blank paper
  r - a blessed scroll of confuse monster
  i - 2 uncursed scrolls of enchant weapon
  M - an uncursed scroll of food detection
  D - 3 uncursed scrolls of identify
  x - an uncursed scroll of teleportation
 Spellbooks  ('+')
  y - an uncursed spellbook of extra healing
  l - a blessed spellbook of force bolt
  m - an uncursed spellbook of haste self
  K - an uncursed spellbook of healing
 Potions  ('!')
  g - 2 uncursed potions of extra healing
  q - 2 uncursed potions of healing
  s - an uncursed potion of restore ability
  L - a potion of holy water
 Rings    ('=')
  e - an uncursed ring of free action
  G - an uncursed ring of protection from shape changers
  f - an uncursed ring of teleport control
 Wands    ('/')
  J - a wand of make invisible (0:8)
  c - a wand of make invisible (0:6)
  F - a wand of secret door detection (0:15)
  u - a wand of stasis (0:4)
 Tools    ('(')
  p - an uncursed leather drum
  o - an uncursed blindfold
  v - an uncursed magic lamp
  n - a magic marker (0:19)
  C - an uncursed magic whistle
  d - a +0 pick-axe
  k - an uncursed skeleton key
  B - a cursed tallow candle

IanCurtis the Wizard's attributes:

Background:
 You were a Thaumaturge, a level 6 male elven Wizard.
 You were chaotic, on a mission for Anhur
 who was opposed by Ptah (lawful) and Thoth (neutral).
 You were right-handed.
 You were in the Dungeons of Doom, on level 5.
 You entered the dungeon 3354 turns ago.
 You had 529 experience points, 111 more were needed to attain level 7.

Basics:
 You had 0 out of 43 hit points.
 You had 3 out of 61 energy points (spell power).
 Your armor class was 8.
 Your wallet contained 70 zorkmids.
 Autopickup was off.

Final Characteristics:
 Your strength was 17 (limit:18).
 Your dexterity was 14 (limit:18).
 Your constitution was 15 (limit:16).
 Your intelligence was 17 (limit:20).
 Your wisdom was 11 (limit:20).
 Your charisma was 13 (limit:18).

Final Status:
 You weren't hungry.
 You were unencumbered.
 You were wielding a quarterstaff.
 You had basic skill with quarterstaff.

Final Attributes:
 You were piously aligned.
 You were magic-protected.
 You were sleep resistant.
 You had infravision.
 You were warded.
 You are dead.

Miscellaneous:
 You didn't encounter any bones levels.
 Total elapsed playing time was 35 minutes and 31 seconds.

Major events:
 Turn
    1: IanCurtis the chaotic male elven Wizard entered the dungeon
  664: attained the rank of Conjurer (level 3)
 2250: entered the Gnomish Mines
 2834: attained the rank of Thaumaturge (level 6)
 3066: entered Sokoban
 3354: killed by a rothe

Spells:
 Name                 Level Category     Fail Retention
 force bolt             1   attack         0%   81%-90%
 haste self             3   escape        87%  76%-100%
 healing                1   healing        0%  76%-100%

Skills:
 Fighting Skills
   bare handed combat [Unskilled]
   riding             [Unskilled]
 Weapon Skills
   dagger             [Unskilled]
   knife              [Unskilled]
   axe                [Unskilled]
   short sword        [Unskilled]
   club               [Unskilled]
   mace               [Unskilled]
   quarterstaff       [Basic]
   polearms           [Unskilled]
   spear              [Unskilled]
   trident            [Unskilled]
   sling              [Unskilled]
   dart               [Unskilled]
   shuriken           [Unskilled]
 Spellcasting Skills
   attack spells      [Basic]
   healing spells     [Unskilled]
   divination spells  [Unskilled]
   enchantment spells [Basic]
   clerical spells    [Unskilled]
   escape spells      [Unskilled]
   matter spells      [Unskilled]

Voluntary challenges:
 Character rerolling was not enabled.
 You never genocided any monsters.
 You never polymorphed an object.
 You never changed form.
 You used no wishes.
 You did not violate any of the special Sokoban rules.
Achievements:
 You entered a shop.
 You attained the rank of Conjurer.
 You entered the Gnomish Mines.
 You attained the rank of Thaumaturge.
 You entered Sokoban.

 The Dungeons of Doom: levels 1 to 7
    Level 1: "vault"
       A fountain.
    Level 2:
       A general store, an altar to Anhur, a fountain.
    Level 3:
       Stairs down to The Gnomish Mines.
    Level 4:
       A sink.
    Level 5: <- You were here.
       Final resting place for
          you, killed by a rothe.
    Level 6:
       Many fountains.
       Oracle of Delphi.
    Level 7:
       A throne.
       Stairs up to Sokoban, level 6.
 The Gnomish Mines:
    Level 4:
 Sokoban:
    Level 6:
       Unsolved.


Vanquished creatures:
  a small mimic
  a dwarf ruler
  a gnome mummy
  a bugbear
  a water nymph
  a rock mole
  a pony
  a gnome leader
  2 gnomish wizards
  a guardian naga hatchling
  a giant ant
  2 kittens
  3 dwarves
  a kobold leader
  a monkey
  a wererat
  2 iguanas
 an acid blob
  2 hobbits
  2 large kobolds
  3 hobgoblins
  2 cave spiders
  a yellow mold
 11 gnomes
  a gecko
  3 jackals
  2 foxes
  2 kobolds
  a goblin
  a sewer rat
  4 grid bugs
  a bat
  4 lichens
  4 newts
67 creatures vanquished.

No species were genocided or became extinct.

Game over:
                       ----------
                      /          \
                     /    REST    \
                    /      IN      \
                   /     PEACE      \
                  /                  \
                  |    IanCurtis     |
                  |      70 Au       |
                  |   killed by a    |
                  |      rothe       |
                  |                  |
                  |                  |
                  |       2026       |
                 *|     *  *  *      | *
        _________)/\\_//(\/(/\)/\//\/|_)_______

Goodbye IanCurtis the Wizard...

You died in The Dungeons of Doom on dungeon level 5 with 2503 points,
and 70 pieces of gold, after 3354 moves.
You were level 6 with a maximum of 43 hit points when you died.

